 Dungeon Crawl Stone Soup version 0.20.0-15-g7f486f2 (webtiles) character file.

262 Malak the Slasher (level 5, -3/36 HPs)
             Began as a Demonspawn Chaos Knight on June 16, 2017.
             Slain by a hobgoblin
             ... wielding a +0 club
             ... led by Robin
              (4 damage)
             ... on level 3 of the Dungeon.
             The game lasted 00:12:00 (1965 turns).

Malak the Slasher (Demonspawn Chaos Knight)         Turns: 1965, Time: 00:12:01

Health: -3/36      AC: 15    Str: 14    XL:     5   Next: 97%
Magic:  5/5        EV:  9    Int: 13    God:    Xom [......]
Gold:   188        SH:  0    Dex: 12    Spells: 4/4 levels left

rFire    . . .     SeeInvis .   a - +1 falchion (chaos)
rCold    . . .     Gourm    .   (no shield)
rNeg     . . .     Faith    .   g - +2 scale mail {rPois}
rPois    +         Spirit   .   p - +0 helmet (curse)
rElec    .         Reflect  .   (no cloak)
rCorr    .         Harm     .   (no gloves)
MR       .....                  (no boots)
Stlth    ..........             (no amulet)
Regen    0.0/turn               (no ring)
MPRegen  0.1/turn               (no ring)

@: sanguine armour
A: blurry vision 1, frail 1, powered by death 1, inhibited regeneration,
MP-powered wands, sanguine armour 1
a: Renounce Religion


You were on level 3 of the Dungeon.
You worshipped Xom.
You were a very special plaything of Xom.
You were hungry.

You visited 1 branch of the dungeon, and saw 3 of its levels.

You collected 188 gold pieces.

Inventory:

Hand Weapons
 a - a +1 falchion of chaos (weapon)
Armour
 b - a +2 leather armour
 g - a +2 scale mail of poison resistance (worn)
 h - a +0 plate armour
 p - a cursed +0 helmet (worn)
 s - a cursed +0 robe
Scrolls
 f - 2 scrolls of identify
 j - 5 scrolls of fear
 o - a scroll of blinking
 u - a scroll of teleportation
Potions
 d - 2 potions of mutation {unknown}
 e - 2 potions of agility
 i - 2 potions of haste {unknown}
 k - a potion of berserk rage {unknown}
 q - a potion of curing {unknown}
 t - a potion of cancellation {unknown}
 v - a potion of heal wounds {unknown}
Books
 r - a book of Air

   Spells                             Type                      Level
   a - Shock                          Conjuration/Air              1
   b - Swiftness                      Charms/Air                   2
   c - Static Discharge               Conjuration/Air              3
   d - Airstrike                      Air                          4
   e - Lightning Bolt                 Conjuration/Air              5
Comestibles
 c - a bread ration
 l - 2 royal jellies
 n - a meat ration


   Skills:
 - Level 3.0 Fighting
 + Level 5.9 Long Blades
 - Level 1.7 Armour
 - Level 0.8 Dodging
 - Level 1.2 Unarmed Combat


You had 4 spell levels left.
You didn't know any spells.

Dungeon Overview and Level Annotations

Branches:
Dungeon (3/15)

Altars:
Elyvilon
Qazlal
Trog
Yredelemnul

Annotations:
D:3 Robin


Innate Abilities, Weirdness & Mutations

You regenerate a little health from kills.
When seriously injured, your bleeding wounds create armour. (AC +6)
Scrolls take you a little longer to read.
You are frail. (-10% HP)
You do not regenerate when monsters are visible.
You expend magic power (3 MP) to strengthen your wands.


Message History

You kill the goblin!
Robin throws the goblin at you!
The goblin hits you but does no damage. x2
You slash the goblin!
You kill the goblin!
The goblin hits you but does no damage. x2
You hit the goblin.
You kill the goblin!
The goblin turns into a zombie!
The goblin hits you.
* * * LOW HITPOINT WARNING * * *
The hobgoblin hits your goblin zombie with a club.
The hobgoblin barely misses your goblin zombie.
You slash the goblin! Lightning courses through the goblin!
You kill the goblin!
The hobgoblin no longer looks unusually strong.
Robin hits your goblin zombie with a spear.
Your goblin zombie is destroyed!
You completely miss the goblin.
The goblin no longer looks unusually strong.
Robin throws the goblin at you! The hobgoblin hits you with a club.
You die...

.......# ###.#
##.#...####...>## .......#
#...###....#.####..###
.......####)#.....#..#.#....##
######......>.#####.......###
#####.................##
#.......########.......#
#......## #####...#####
#...(..#######...##.##...#####
#..........)#@8g8.#.#.8.8.#...
###########.#ggg..#.#.._..#...
#.#.8...#.#...8.#.##
#.##...†#)#'...##.#
#..#####.g.#####..#
#........⌠........#
##.#####...#####..# ### +#.#+
##.# #.# #.#


You could see Robin, 2 hobgoblins and 2 goblins.

Vanquished Creatures
  The ghost of Dris the Digger, an amateur GrEE (D:3)
  A hound (D:3)
  An orc wizard (D:3)
  3 adders
  5 worms
  A dart slug (D:3)
  2 leopard geckos
  3 orcs (D:3)
  A giant cockroach (D:1)
  11 goblins
  10 hobgoblins
  6 jackals
  5 kobolds
  6 bats
  5 frilled lizards
  7 rats
68 creatures vanquished.

Vanquished Creatures (collateral kills)
  Terence (D:2)
  A rat (D:2)
2 creatures vanquished.

Grand Total: 70 creatures vanquished

Notes
Turn   | Place    | Note
-------+----------+-------------------------------------------
     0 | D:1      | Malak the Demonspawn Chaos Knight began the quest for the Orb.
     0 | D:1      | Reached XP level 1. HP: 18/18 MP: 1/1
    60 | D:1      | Reached skill level 1 in Unarmed Combat
   178 | D:1      | Gained mutation: When seriously injured, your bleeding wounds create armour. (AC +6) [demonic ancestry]
   178 | D:1      | Reached XP level 2. HP: 24/24 MP: 2/2
   249 | D:1      | Reached skill level 3 in Long Blades
   331 | D:1      | XOM: noise
   462 | D:1      | XOM: cloud trail
   526 | D:2      | Found a basalt altar of Yredelemnul.
   546 | D:2      | Found a bloodstained altar of Trog.
   552 | D:2      | Reached XP level 3. HP: 29/29 MP: 3/3
   626 | D:2      | Noticed Terence
   629 | D:2      | XOM: blink monster(s)
   636 | D:2      | Killed Terence
   688 | D:2      | Reached skill level 4 in Long Blades
   989 | D:2      | Gained mutation: You regenerate a little health from kills. [demonic ancestry]
   989 | D:2      | Reached XP level 4. HP: 35/35 MP: 4/4
  1186 | D:2      | XOM: harmless Tloc miscast
  1341 | D:3      | XOM: noise
  1341 | D:3      | Noticed Dris's ghost (amateur GrEE)
  1347 | D:3      | XOM: enchant monster (bad)
  1350 | D:3      | XOM: give mutations
  1350 | D:3      | Gained mutation: You expend magic power (3 MP) to strengthen your wands. [Xom's mischief]
  1350 | D:3      | Gained mutation: Scrolls take you a little longer to read. [Xom's mischief]
  1362 | D:3      | Killed Dris's ghost
  1362 | D:3      | Reached skill level 5 in Long Blades
  1362 | D:3      | Reached XP level 5. HP: 19/41 MP: 5/5
  1385 | D:3      | Found a white marble altar of Elyvilon.
  1435 | D:3      | XOM: give mutations
  1435 | D:3      | Gained mutation: Your muscles are strong. (Str +2) [Xom's grace]
  1435 | D:3      | Gained mutation: You possess an exceptional clarity of mind. [Xom's grace]
  1574 | D:3      | XOM: swap monsters
  1593 | D:3      | XOM: give mutations
  1593 | D:3      | Lost mutation: Your muscles are strong. (Str +2) [Xom's mischief]
  1593 | D:3      | Lost mutation: You possess an exceptional clarity of mind. [Xom's mischief]
  1593 | D:3      | Gained mutation: You are frail. (-10% HP) [Xom's mischief]
  1593 | D:3      | Gained mutation: You do not regenerate when monsters are visible. [Xom's mischief]
  1951 | D:3      | Found a stormy altar of Qazlal.
  1951 | D:3      | Noticed Robin
  1956 | D:3      | XOM: swap monsters
  1963 | D:3      | HP: 1/36 [goblin[Robin] (5)]
  1965 | D:3      | Slain by a hobgoblin

Skill      XL: |  1  2  3  4 |
---------------+-------------+-----
Unarmed Combat | 1 |  1.2
Long Blades    | 3 4 5 |  5.9
Fighting       | |  3.0
Armour         | |  1.7
Dodging        | |  0.8

Action                   |  1- 3 |  4- 6 || total
-------------------------+-------+-------++-------
Melee: Falchion          |    84 |   126 ||   210
       Punch             |       |     1 ||     1
  Use: Scroll            |     6 |     5 ||    11
 Stab: Paralysed         |     1 |       ||     1
  Eat: Chunk             |       |     3 ||     3
Armor: Scale mail        |    35 |    69 ||   104
       Leather armour    |     5 |       ||     5
Dodge: Dodged            |    50 |    51 ||   101
       Rpst.: Falchion   |    14 |    19 ||    33
